Pick #1

Connor Bedard
Pick #2

Leo Carlsson
Pick #3

Adam Fantilli
Pick #4

Matvei Michkov
Pick #5

David Reinbacher
Pick #6

William Smith
Pick #7

Zachary Benson
Pick #8

Ryan Leonard
Pick #9

Gabriel Perreault
Pick #10

Axel Sandin-Pellika
Pick #11

Daniil But
Pick #12

Dalibor Dvorsky
Pick #13

Quentin Musty
Pick #14

Brayden Yager
Pick #15

Dmitry Simashev
Pick #16

Colby Barlow
Pick #17

Andrew Cristall
Pick #18

Easton Cowan
Pick #19

Jacob Fowler
Pick #20

Oliver Moore
Pick #21

Oliver Bonk
Pick #22

Tom Willander
Pick #23

Calum Ritchie
Pick #24

Tanner Molendyk
Pick #25

Gavin Brindley
Pick #26

Nate Danielson
Pick #27

Pick #28

Pick #29

Pick #30

Pick #31

Pick #32

Pick #33

Pick #34

Pick #35

Pick #36

Pick #37

Pick #38

Pick #39

Pick #40

Pick #41

Pick #42

Pick #43

Pick #44

Pick #45

Pick #46

Pick #47

Pick #48

Pick #49

Pick #50

Pick #51

Pick #52

Pick #53

Pick #54

Pick #55

Pick #56

Pick #57

Pick #58

Pick #59

Pick #60

Pick #61

Pick #62

Pick #63

Pick #64

Pick #65

Pick #66

Pick #67

Pick #68

Pick #69

Pick #70

Pick #71

Pick #72

Pick #73

Pick #74

Pick #75

Pick #76

Pick #77

Pick #78

Pick #79

Pick #80

Pick #81

Pick #82

Pick #83

Pick #84

Pick #85

Pick #86

Pick #87

Pick #88

Pick #89

Pick #90

Pick #91

Pick #92

Pick #93

Pick #94

Pick #95

Pick #96

Pick #97

Pick #98

Pick #99

Pick #100

Pick #101

Pick #102

Pick #103

Pick #104

Pick #105

Pick #106

Pick #107

Pick #108

Pick #109

Pick #110

Pick #111

Pick #112

Pick #113

Pick #114

Pick #115

Pick #116

Pick #117

Pick #118

Pick #119

Pick #120

Pick #121

Pick #122

Pick #123

Pick #124

Pick #125

Pick #126

Pick #127

Pick #128

Pick #129

Pick #130

Full Scoreboard »»

Bruins vs Devils

Created - March 23, 2024 at 10:50

Goals
1 2 3 T
Bruins 1 1 1 3
Devils 2 2 0 4
Shots
1 2 3 T
Bruins 11 7 12 30
Devils 13 15 8 36

GoalsPenalties
1st period
1. Bruins , Cam Fowler 11 (Charlie Coyle 19) at 1:21
2. Devils , Evgeni Malkin 23 (Matt Boldy 26, Damon Severson 34) at 2:04 (PP)
3. Devils , Travis Konecny 19 (Chris Kreider 31, Brian Dumoulin 34) at 4:24
Jamie Oleksiak (BOS) for Tripping (Minor) at 1:37
Brian Dumoulin (NJD) for Roughing (Minor) at 2:08
Brady Skjei (BOS) for Tripping (Minor) at 7:29
Brian Dumoulin (NJD) for High sticking (Minor) at 10:01
2nd period
4. Devils , Alexander Wennberg 28 (Damon Severson 35, Ryan Graves 18) at 9:12
5. Devils , Chris Kreider 33 (Sam Reinhart 41) at 11:29
6. Bruins , Brandon Saad 17 (Tom Wilson 30, Mark Giordano 22) at 16:33
Tom Wilson (BOS) for Hooking (Minor) at 6:58
Mikhail Sergachev (NJD) for High sticking (Minor) at 19:16
3rd period
7. Bruins , Trevor Zegras 22 (Brandon Saad 28) at 15:21
Ryan Graves (NJD) for Holding (Minor) at 10:01
Goalie Stats
Jake Allen (BOS), 32 saves from 36 shots - (0.889), L, 11-12-1, 60:00 minutes
Andrei Vasilevskiy (NJD), 27 saves from 30 shots - (0.900), W, 27-14-9, 60:00 minutes
3 StarsOfficial
1 - Chris Kreider (NJD)
2 - Damon Severson (NJD)
3 - Travis Konecny (NJD)
Referees : Tom Chmielewski and Brandon Schrader
Linesman : Mark Shewchyk and Scott Cherrey
Game Note
No Game Note
Finance
Level 1 -- Attendance: 5652 (94.20%) -- Ticket Income $633,024
Level 2 -- Attendance: 4877 (97.54%) -- Ticket Income $395,037
Level 3 -- Attendance: 2000 (100.00%) -- Ticket Income $160,000
Level 4 -- Attendance: 3114 (85.90%) -- Ticket Income $46,710
Luxury Box -- Attendance: 1000 (100.00%) -- Ticket Income $195,000
Game was played at the Prudential Center.
Total Attendance: 16643 (94.43%)
Total Ticket Income: $1,429,771
Other Income: $357,443
Total Income: $1,787,214



Team Name Goals Shots Shots Attemp Shots Blocked PIM HIT PP PK FO%
Bruins 3305386270 / 4 (0%)148%
Devils 4367078251 / 3 (33%)052%

Bruins
Player Name POS G A P +/- PIM HIT SHT SB MP PP MP PP SHT PK MP PK SHT FO% FOT
Alex IafalloLW000-1030014:150:3401:4200% 2
Andrew MangiapaneLW0001012020:314:1200:000100% 2
Brady SkjeiD0000240021:334:3400:0000% 0
Brandon SaadLW1120004018:183:1010:0000% 0
Brett PesceD0000000119:080:3402:1700% 0
Bryan RustRW0001015020:314:1220:00050% 2
Cam FowlerD1010002121:344:3410:0000% 0
Charlie CoyleC0111012018:520:0002:43059% 27
Jamie OleksiakD0000230216:110:0001:5000% 0
Jimmy VeseyLW000001104:230:0000:00050% 2
Mark GiordanoD0110011119:182:4812:0800% 0
Nick PaulLW000002306:050:0001:42025% 4
Nicolas RoyC000001107:333:1000:00042% 12
T.J. BrodieD0000000322:143:2202:3500% 0
Tom WilsonRW0110263018:173:1000:0000% 0
Trevor ZegrasC1010003019:544:4610:00040% 30
Yegor SharangovichC000-1012014:320:0002:43053% 19
Zach PariseLW000-1021012:230:3400:0000% 0
Devils
Player Name POS G A P +/- PIM HIT SHT SB MP PP MP PP SHT PK MP PK SHT FO% FOT
Alexander WennbergC1010004015:350:0000:00068% 19
Brian DumoulinD011-1410217:010:0002:3500% 0
Chris KreiderLW1121014016:352:2000:00067% 3
Conor ShearyLW0000001017:330:0002:08050% 2
Damon SeversonD0221021221:332:0902:5000% 0
Dougie HamiltonD0000001122:342:1613:4700% 0
Dylan CozensC000-1004016:302:0920:000100% 1
Evgeni MalkinC101-1023016:262:0510:00055% 22
Justin SchultzD000-1011017:520:0003:1800% 0
Mathieu JosephRW000000119:420:0005:481100% 3
Matt BoldyLW011-1014016:262:0500:000100% 1
Michael McCarronRW000003105:460:0002:08025% 4
Mikhail SergachevD0000243018:462:1620:0000% 0
Nino NiederreiterRW0000052017:302:0510:0000% 1
Ryan GravesD0111240120:010:0003:2200% 0
Sam ReinhartC0111003016:252:2000:00037% 27
Travis KonecnyRW1011013016:192:2000:000100% 1
Trevor LewisC000000009:260:0005:48044% 16



Play-by-Play

1st period


0:01 of 1st period - Andrew Mangiapane wins face-off versus Sam Reinhart in neutral zone.
0:03 of 1st period - Cam Fowler is hit by Mikhail Sergachev and loses puck.
0:08 of 1st period - Shot by Andrew Mangiapane.
0:08 of 1st period - Stopped by Andrei Vasilevskiy with a rebound.
0:10 of 1st period - Shot by Charlie Coyle.
0:10 of 1st period - Stopped by Andrei Vasilevskiy without a rebound.
0:11 of 1st period - Trevor Zegras wins face-off versus Evgeni Malkin in Devils zone.
0:19 of 1st period - Icing by Ryan Graves.
0:20 of 1st period - Yegor Sharangovich wins face-off versus Evgeni Malkin in Devils zone.
0:27 of 1st period - Shot by Yegor Sharangovich.
0:27 of 1st period - Shot Misses the Net.
0:30 of 1st period - Icing by Damon Severson.
0:31 of 1st period - Dylan Cozens wins face-off versus Nicolas Roy in Devils zone.
0:39 of 1st period - Icing by Damon Severson.
0:40 of 1st period - Evgeni Malkin wins face-off versus Trevor Zegras in Devils zone.
0:45 of 1st period - Ryan Graves is hit by Tom Wilson and loses puck.
1:00 of 1st period - Shot by Tom Wilson.
1:00 of 1st period - Stopped by Andrei Vasilevskiy with a rebound.
1:02 of 1st period - Shot by Brandon Saad.
1:02 of 1st period - Stopped by Andrei Vasilevskiy without a rebound.
1:03 of 1st period - Alexander Wennberg wins face-off versus Charlie Coyle in Devils zone.
1:21 of 1st period - Shot by Cam Fowler.
1:21 of 1st period - Goal by Cam Fowler - Bruins : 1 - Devils : 0.
1:22 of 1st period - Sam Reinhart wins face-off versus Alex Iafallo in neutral zone.
1:26 of 1st period - Dougie Hamilton is hit by Mark Giordano.
1:31 of 1st period - Sam Reinhart is hit by Jamie Oleksiak and loses puck.
1:37 of 1st period - Minor Penalty to Jamie Oleksiak for Tripping.
1:38 of 1st period - Charlie Coyle wins face-off versus Evgeni Malkin in Bruins zone.
1:53 of 1st period - T.J. Brodie is hit by Nino Niederreiter and loses puck.
2:04 of 1st period - Shot by Evgeni Malkin.
2:04 of 1st period - Goal by Evgeni Malkin - Bruins : 1 - Devils : 1.
2:05 of 1st period - Trevor Zegras wins face-off versus Trevor Lewis in neutral zone.
2:07 of 1st period - Cam Fowler is hit by Brian Dumoulin.
2:08 of 1st period - Minor Penalty to Brian Dumoulin for Roughing.
2:09 of 1st period - Trevor Zegras wins face-off versus Trevor Lewis in Devils zone.
2:10 of 1st period - Shot by Cam Fowler.
2:10 of 1st period - Shot Misses the Net.
3:03 of 1st period - Icing by Bryan Rust.
3:04 of 1st period - Trevor Zegras wins face-off versus Michael McCarron in Bruins zone.
3:42 of 1st period - Shot by Tom Wilson.
3:42 of 1st period - Shot Misses the Net.
3:46 of 1st period - Shot by Mark Giordano.
3:46 of 1st period - Stopped by Andrei Vasilevskiy without a rebound.
3:47 of 1st period - Michael McCarron wins face-off versus Nicolas Roy in Devils zone.
4:16 of 1st period - Shot by Chris Kreider.
4:16 of 1st period - Shot Misses the Net.
4:24 of 1st period - Shot by Travis Konecny.
4:24 of 1st period - Goal by Travis Konecny - Bruins : 1 - Devils : 2.
4:25 of 1st period - Charlie Coyle wins face-off versus Alexander Wennberg in neutral zone.
4:51 of 1st period - Alexander Wennberg is hit by Jamie Oleksiak and loses puck.
4:59 of 1st period - Icing by Jamie Oleksiak.
5:00 of 1st period - Charlie Coyle wins face-off versus Sam Reinhart in Bruins zone.
5:06 of 1st period - Icing by Mark Giordano.
5:07 of 1st period - Charlie Coyle wins face-off versus Sam Reinhart in Bruins zone.
5:28 of 1st period - Shot by Bryan Rust.
5:28 of 1st period - Shot Misses the Net.
5:46 of 1st period - Shot by Travis Konecny.
5:46 of 1st period - Stopped by Jake Allen without a rebound.
5:47 of 1st period - Yegor Sharangovich wins face-off versus Evgeni Malkin in Bruins zone.
5:47 of 1st period - Yegor Sharangovich is hit by Matt Boldy.
5:53 of 1st period - Damon Severson is hit by Alex Iafallo and loses puck.
6:51 of 1st period - Off-side.
6:52 of 1st period - Conor Sheary wins face-off versus Trevor Zegras in neutral zone.
6:52 of 1st period - Conor Sheary is hit by Tom Wilson.
7:09 of 1st period - Conor Sheary is hit by Brady Skjei and loses puck.
7:12 of 1st period - Shot by Nino Niederreiter.
7:12 of 1st period - Shot Blocked by Cam Fowler.
7:15 of 1st period - Conor Sheary is hit by Brady Skjei and loses puck.
7:29 of 1st period - Minor Penalty to Brady Skjei for Tripping.
7:30 of 1st period - Charlie Coyle wins face-off versus Sam Reinhart in Bruins zone.
7:47 of 1st period - Shot by Mikhail Sergachev.
7:47 of 1st period - Shot Misses the Net.
7:58 of 1st period - Icing by Chris Kreider.
7:59 of 1st period - Chris Kreider wins face-off versus Nick Paul in Devils zone.
8:16 of 1st period - Icing by Dougie Hamilton.
8:17 of 1st period - Nick Paul wins face-off versus Chris Kreider in Devils zone.
8:41 of 1st period - Icing by Matt Boldy.
8:42 of 1st period - Evgeni Malkin wins face-off versus Nick Paul in Devils zone.
9:15 of 1st period - Shot by Charlie Coyle.
9:15 of 1st period - Shot Hit the Post.
9:18 of 1st period - Icing by Damon Severson.
9:19 of 1st period - Evgeni Malkin wins face-off versus Nick Paul in Devils zone.
9:34 of 1st period - Shot by Sam Reinhart.
9:34 of 1st period - Stopped by Jake Allen without a rebound.
9:35 of 1st period - Charlie Coyle wins face-off versus Sam Reinhart in Bruins zone.
9:35 of 1st period - Charlie Coyle is hit by Travis Konecny.
9:53 of 1st period - Brady Skjei is hit by Justin Schultz and loses puck.
10:01 of 1st period - Minor Penalty to Brian Dumoulin for High sticking.
10:02 of 1st period - Nicolas Roy wins face-off versus Trevor Lewis in Devils zone.
10:38 of 1st period - Shot by Brandon Saad.
10:38 of 1st period - Stopped by Andrei Vasilevskiy with a rebound.
10:40 of 1st period - Shot by Tom Wilson.
10:40 of 1st period - Shot Misses the Net.
10:42 of 1st period - Shot by Nicolas Roy.
10:42 of 1st period - Shot Misses the Net.
11:00 of 1st period - Nicolas Roy is hit by Michael McCarron and loses puck.
11:51 of 1st period - Shot by Andrew Mangiapane.
11:51 of 1st period - Shot Blocked by Mathieu Joseph.
11:57 of 1st period - Shot by Bryan Rust.
11:57 of 1st period - Stopped by Andrei Vasilevskiy without a rebound.
11:58 of 1st period - Trevor Zegras wins face-off versus Michael McCarron in Devils zone.
11:58 of 1st period - Trevor Zegras is hit by Damon Severson.
12:08 of 1st period - Shot by Matt Boldy.
12:08 of 1st period - Stopped by Jake Allen with a rebound.
12:10 of 1st period - Shot by Dylan Cozens.
12:10 of 1st period - Stopped by Jake Allen without a rebound.
12:11 of 1st period - Yegor Sharangovich wins face-off versus Alexander Wennberg in Bruins zone.
12:29 of 1st period - Off-side.
12:30 of 1st period - Charlie Coyle wins face-off versus Sam Reinhart in neutral zone.
12:49 of 1st period - Shot by Andrew Mangiapane.
12:49 of 1st period - Shot Misses the Net.
13:02 of 1st period - Icing by Cam Fowler.
13:03 of 1st period - Charlie Coyle wins face-off versus Nino Niederreiter in Bruins zone.
13:22 of 1st period - Shot by Andrew Mangiapane.
13:22 of 1st period - Shot Misses the Net.
13:48 of 1st period - Shot by Brandon Saad.
13:48 of 1st period - Stopped by Andrei Vasilevskiy without a rebound.
13:49 of 1st period - Evgeni Malkin wins face-off versus Nicolas Roy in Devils zone.
13:49 of 1st period - Evgeni Malkin is hit by Jimmy Vesey.
13:55 of 1st period - Nicolas Roy is hit by Evgeni Malkin and loses puck.
14:06 of 1st period - Shot by Nicolas Roy.
14:06 of 1st period - Stopped by Andrei Vasilevskiy without a rebound.
14:07 of 1st period - Sam Reinhart wins face-off versus Trevor Zegras in Devils zone.
14:24 of 1st period - Sam Reinhart is hit by Tom Wilson and loses puck.
14:31 of 1st period - Shot by Sam Reinhart.
14:31 of 1st period - Stopped by Jake Allen with a rebound.
14:33 of 1st period - Shot by Brian Dumoulin.
14:33 of 1st period - Shot Misses the Net.
14:35 of 1st period - Shot by Travis Konecny.
14:35 of 1st period - Shot Misses the Net.
14:37 of 1st period - Shot by Sam Reinhart.
14:37 of 1st period - Shot Blocked by T.J. Brodie.
14:39 of 1st period - Shot by Chris Kreider.
14:39 of 1st period - Stopped by Jake Allen without a rebound.
14:40 of 1st period - Evgeni Malkin wins face-off versus Charlie Coyle in Bruins zone.
14:59 of 1st period - Shot by Matt Boldy.
14:59 of 1st period - Stopped by Jake Allen without a rebound.
15:00 of 1st period - Alexander Wennberg wins face-off versus Yegor Sharangovich in Bruins zone.
15:06 of 1st period - Off-side.
15:07 of 1st period - Alexander Wennberg wins face-off versus Trevor Zegras in neutral zone.
15:40 of 1st period - Shot by Conor Sheary.
15:40 of 1st period - Shot Misses the Net.
15:42 of 1st period - Shot by Conor Sheary.
15:42 of 1st period - Shot Misses the Net.
15:44 of 1st period - Shot by Mikhail Sergachev.
15:44 of 1st period - Stopped by Jake Allen without a rebound.
15:45 of 1st period - Charlie Coyle wins face-off versus Evgeni Malkin in Bruins zone.
15:56 of 1st period - Shot by Evgeni Malkin.
15:56 of 1st period - Stopped by Jake Allen without a rebound.
15:57 of 1st period - Yegor Sharangovich wins face-off versus Sam Reinhart in Bruins zone.
16:02 of 1st period - Brian Dumoulin is hit by Alex Iafallo.
16:12 of 1st period - Shot by Chris Kreider.
16:12 of 1st period - Shot Blocked by Mark Giordano.
16:15 of 1st period - Icing by Zach Parise.
16:16 of 1st period - Evgeni Malkin wins face-off versus Yegor Sharangovich in Bruins zone.
16:24 of 1st period - Matt Boldy is hit by Jamie Oleksiak and loses puck.
16:29 of 1st period - Shot by Dylan Cozens.
16:29 of 1st period - Deflect By Matt Boldy.
16:29 of 1st period - Shot Hit the Post.
16:31 of 1st period - Shot by Dylan Cozens.
16:31 of 1st period - Shot Blocked by Jamie Oleksiak.
16:33 of 1st period - Shot by Matt Boldy.
16:33 of 1st period - Shot Misses the Net.
16:41 of 1st period - Shot by Damon Severson.
16:41 of 1st period - Shot Misses the Net.
16:43 of 1st period - Shot by Dylan Cozens.
16:43 of 1st period - Shot Misses the Net.
16:45 of 1st period - Shot by Damon Severson.
16:45 of 1st period - Shot Misses the Net.
16:47 of 1st period - Shot by Damon Severson.
16:47 of 1st period - Stopped by Jake Allen without a rebound.
16:48 of 1st period - Alexander Wennberg wins face-off versus Trevor Zegras in Bruins zone.
16:48 of 1st period - Alexander Wennberg is hit by Brady Skjei.
16:54 of 1st period - Shot by Nino Niederreiter.
16:54 of 1st period - Shot Misses the Net.
16:56 of 1st period - Shot by Alexander Wennberg.
16:56 of 1st period - Stopped by Jake Allen without a rebound.
16:57 of 1st period - Trevor Lewis wins face-off versus Charlie Coyle in Bruins zone.
17:05 of 1st period - Off-side.
17:06 of 1st period - Sam Reinhart wins face-off versus Trevor Zegras in neutral zone.
17:52 of 1st period - Shot by Travis Konecny.
17:52 of 1st period - Shot Misses the Net.
19:43 of 1st period - Shot by Nick Paul.
19:43 of 1st period - Stopped by Andrei Vasilevskiy without a rebound.
19:44 of 1st period - Trevor Lewis wins face-off versus Yegor Sharangovich in Devils zone.
Goals for this period are 1 for Bruins vs 2 for Devils.
Shots for this period are 11 for Bruins vs 13 for Devils.

2nd period


0:01 of 2nd period - Trevor Zegras wins face-off versus Sam Reinhart in neutral zone.
1:00 of 2nd period - Shot by Andrew Mangiapane.
1:00 of 2nd period - Deflect By Bryan Rust.
1:00 of 2nd period - Stopped by Andrei Vasilevskiy without a rebound.
1:01 of 2nd period - Nicolas Roy wins face-off versus Evgeni Malkin in Devils zone.
1:07 of 2nd period - Nicolas Roy is hit by Ryan Graves and loses puck.
1:10 of 2nd period - Shot by Nick Paul.
1:10 of 2nd period - Stopped by Andrei Vasilevskiy without a rebound.
1:11 of 2nd period - Alexander Wennberg wins face-off versus Charlie Coyle in Devils zone.
1:55 of 2nd period - Shot by Alexander Wennberg.
1:55 of 2nd period - Stopped by Jake Allen without a rebound.
1:56 of 2nd period - Evgeni Malkin wins face-off versus Trevor Zegras in Bruins zone.
2:03 of 2nd period - Shot by Matt Boldy.
2:03 of 2nd period - Shot Misses the Net.
2:19 of 2nd period - Shot by Matt Boldy.
2:19 of 2nd period - Stopped by Jake Allen without a rebound.
2:20 of 2nd period - Yegor Sharangovich wins face-off versus Trevor Lewis in Bruins zone.
2:32 of 2nd period - Icing by Brett Pesce.
2:33 of 2nd period - Yegor Sharangovich wins face-off versus Evgeni Malkin in Bruins zone.
2:48 of 2nd period - Icing by Brian Dumoulin.
2:49 of 2nd period - Evgeni Malkin wins face-off versus Charlie Coyle in Devils zone.
4:59 of 2nd period - Shot by Alexander Wennberg.
4:59 of 2nd period - Stopped by Jake Allen without a rebound.
5:00 of 2nd period - Sam Reinhart wins face-off versus Jimmy Vesey in Bruins zone.
5:25 of 2nd period - Off-side.
5:26 of 2nd period - Alexander Wennberg wins face-off versus Charlie Coyle in neutral zone.
5:55 of 2nd period - T.J. Brodie is hit by Ryan Graves and loses puck.
6:25 of 2nd period - Icing by Brady Skjei.
6:26 of 2nd period - Trevor Zegras wins face-off versus Sam Reinhart in Bruins zone.
6:58 of 2nd period - Minor Penalty to Tom Wilson for Hooking.
6:59 of 2nd period - Evgeni Malkin wins face-off versus Charlie Coyle in Bruins zone.
7:02 of 2nd period - Shot by Dougie Hamilton.
7:02 of 2nd period - Shot Misses the Net.
7:04 of 2nd period - Shot by Dougie Hamilton.
7:04 of 2nd period - Shot Misses the Net.
7:06 of 2nd period - Shot by Mikhail Sergachev.
7:06 of 2nd period - Stopped by Jake Allen without a rebound.
7:07 of 2nd period - Charlie Coyle wins face-off versus Sam Reinhart in Bruins zone.
7:40 of 2nd period - Shot by Dylan Cozens.
7:40 of 2nd period - Stopped by Jake Allen without a rebound.
7:41 of 2nd period - Charlie Coyle wins face-off versus Evgeni Malkin in Bruins zone.
7:58 of 2nd period - Shot by Dougie Hamilton.
7:58 of 2nd period - Shot Blocked by T.J. Brodie.
8:04 of 2nd period - Shot by Dougie Hamilton.
8:04 of 2nd period - Stopped by Jake Allen with a rebound.
8:10 of 2nd period - Shot by Nino Niederreiter.
8:10 of 2nd period - Stopped by Jake Allen with a rebound.
8:12 of 2nd period - Shot by Mikhail Sergachev.
8:12 of 2nd period - Stopped by Jake Allen without a rebound.
8:13 of 2nd period - Charlie Coyle wins face-off versus Sam Reinhart in Bruins zone.
8:22 of 2nd period - Shot by Dylan Cozens.
8:22 of 2nd period - Stopped by Jake Allen without a rebound.
8:23 of 2nd period - Charlie Coyle wins face-off versus Sam Reinhart in Bruins zone.
8:36 of 2nd period - Shot by Mikhail Sergachev.
8:36 of 2nd period - Shot Misses the Net.
9:12 of 2nd period - Shot by Alexander Wennberg.
9:12 of 2nd period - Goal by Alexander Wennberg - Bruins : 1 - Devils : 3.
9:13 of 2nd period - Jimmy Vesey wins face-off versus Michael McCarron in neutral zone.
9:16 of 2nd period - Mathieu Joseph is hit by Nick Paul and loses puck.
9:57 of 2nd period - Shot by Jamie Oleksiak.
9:57 of 2nd period - Shot Misses the Net.
10:37 of 2nd period - Mikhail Sergachev is hit by Bryan Rust and loses puck.
10:41 of 2nd period - Icing by Dougie Hamilton.
10:42 of 2nd period - Alexander Wennberg wins face-off versus Yegor Sharangovich in Devils zone.
11:21 of 2nd period - Icing by Cam Fowler.
11:22 of 2nd period - Sam Reinhart wins face-off versus Yegor Sharangovich in Bruins zone.
11:27 of 2nd period - Shot by Travis Konecny.
11:27 of 2nd period - Stopped by Jake Allen without a rebound.
11:28 of 2nd period - Sam Reinhart wins face-off versus Trevor Zegras in Bruins zone.
11:29 of 2nd period - Shot by Chris Kreider.
11:29 of 2nd period - Goal by Chris Kreider - Bruins : 1 - Devils : 4.
11:30 of 2nd period - Trevor Zegras wins face-off versus Sam Reinhart in neutral zone.
11:33 of 2nd period - Ryan Graves is hit by Tom Wilson and loses puck.
11:42 of 2nd period - Brandon Saad is hit by Chris Kreider and loses puck.
12:11 of 2nd period - Shot by Sam Reinhart.
12:11 of 2nd period - Shot Misses the Net.
12:22 of 2nd period - Icing by Mark Giordano.
12:23 of 2nd period - Evgeni Malkin wins face-off versus Trevor Zegras in Bruins zone.
12:34 of 2nd period - Shot by Matt Boldy.
12:34 of 2nd period - Stopped by Jake Allen with a rebound.
12:39 of 2nd period - Trevor Zegras is hit by Mikhail Sergachev.
12:57 of 2nd period - Shot by Dylan Cozens.
12:57 of 2nd period - Deflect By Matt Boldy.
12:57 of 2nd period - Shot Misses the Net.
13:00 of 2nd period - Icing by T.J. Brodie.
13:01 of 2nd period - Charlie Coyle wins face-off versus Alexander Wennberg in Bruins zone.
13:01 of 2nd period - Charlie Coyle is hit by Nino Niederreiter.
13:15 of 2nd period - Shot by Bryan Rust.
13:15 of 2nd period - Stopped by Andrei Vasilevskiy without a rebound.
13:16 of 2nd period - Yegor Sharangovich wins face-off versus Sam Reinhart in Devils zone.
13:33 of 2nd period - Alex Iafallo is hit by Damon Severson and loses puck.
14:46 of 2nd period - Shot by Matt Boldy.
14:46 of 2nd period - Shot Misses the Net.
15:18 of 2nd period - Andrew Mangiapane is hit by Mikhail Sergachev.
16:00 of 2nd period - Shot by Nino Niederreiter.
16:00 of 2nd period - Shot Blocked by Brett Pesce.
16:02 of 2nd period - Shot by Justin Schultz.
16:02 of 2nd period - Stopped by Jake Allen without a rebound.
16:03 of 2nd period - Trevor Zegras wins face-off versus Sam Reinhart in Bruins zone.
16:12 of 2nd period - Chris Kreider is hit by Tom Wilson and loses puck.
16:22 of 2nd period - Tom Wilson is hit by Ryan Graves and loses puck.
16:31 of 2nd period - Shot by Tom Wilson.
16:31 of 2nd period - Shot Blocked by Ryan Graves.
16:33 of 2nd period - Shot by Brandon Saad.
16:33 of 2nd period - Goal by Brandon Saad - Bruins : 2 - Devils : 4.
16:34 of 2nd period - Nicolas Roy wins face-off versus Conor Sheary in neutral zone.
16:41 of 2nd period - Shot by Nino Niederreiter.
16:41 of 2nd period - Shot Misses the Net.
16:54 of 2nd period - Nicolas Roy is hit by Nino Niederreiter and loses puck.
17:09 of 2nd period - Shot by Nicolas Roy.
17:09 of 2nd period - Shot Misses the Net.
17:26 of 2nd period - Icing by Conor Sheary.
17:27 of 2nd period - Andrew Mangiapane wins face-off versus Alexander Wennberg in Devils zone.
17:30 of 2nd period - Shot by Andrew Mangiapane.
17:30 of 2nd period - Deflect By Bryan Rust.
17:30 of 2nd period - Shot Misses the Net.
17:32 of 2nd period - Shot by Bryan Rust.
17:32 of 2nd period - Shot Blocked by Brian Dumoulin.
17:34 of 2nd period - Shot by Charlie Coyle.
17:34 of 2nd period - Stopped by Andrei Vasilevskiy with a rebound.
17:36 of 2nd period - Shot by Andrew Mangiapane.
17:36 of 2nd period - Shot Misses the Net.
18:42 of 2nd period - Icing by Sam Reinhart.
18:43 of 2nd period - Sam Reinhart wins face-off versus Yegor Sharangovich in Devils zone.
18:43 of 2nd period - Sam Reinhart is hit by Zach Parise.
18:59 of 2nd period - Shot by Yegor Sharangovich.
18:59 of 2nd period - Stopped by Andrei Vasilevskiy without a rebound.
19:00 of 2nd period - Matt Boldy wins face-off versus Trevor Zegras in Devils zone.
19:11 of 2nd period - Shot by Matt Boldy.
19:11 of 2nd period - Shot Misses the Net.
19:16 of 2nd period - Minor Penalty to Mikhail Sergachev for High sticking.
19:17 of 2nd period - Mathieu Joseph wins face-off versus Nicolas Roy in Devils zone.
19:24 of 2nd period - Icing by Brandon Saad.
19:25 of 2nd period - Mathieu Joseph wins face-off versus Nicolas Roy in Bruins zone.
19:34 of 2nd period - Shot by Mathieu Joseph.
19:34 of 2nd period - Stopped by Jake Allen without a rebound.
19:35 of 2nd period - Trevor Lewis wins face-off versus Bryan Rust in Bruins zone.
19:52 of 2nd period - Shot by Trevor Zegras.
19:52 of 2nd period - Shot Blocked by Damon Severson.
19:54 of 2nd period - Shot by Cam Fowler.
19:54 of 2nd period - Stopped by Andrei Vasilevskiy without a rebound.
19:55 of 2nd period - Nicolas Roy wins face-off versus Trevor Lewis in Devils zone.
Goals for this period are 1 for Bruins vs 2 for Devils.
Shots for this period are 7 for Bruins vs 15 for Devils.

3rd period


0:01 of 3rd period - Trevor Lewis wins face-off versus Trevor Zegras in neutral zone.
0:45 of 3rd period - Conor Sheary is hit by Brady Skjei and loses puck.
1:19 of 3rd period - Alex Iafallo is hit by Evgeni Malkin and loses puck.
1:48 of 3rd period - Shot by Zach Parise.
1:48 of 3rd period - Stopped by Andrei Vasilevskiy without a rebound.
1:49 of 3rd period - Alexander Wennberg wins face-off versus Nicolas Roy in Devils zone.
1:49 of 3rd period - Alexander Wennberg is hit by Nicolas Roy.
1:54 of 3rd period - Damon Severson is hit by Nick Paul and loses puck.
2:07 of 3rd period - Shot by Jimmy Vesey.
2:07 of 3rd period - Stopped by Andrei Vasilevskiy without a rebound.
2:08 of 3rd period - Yegor Sharangovich wins face-off versus Sam Reinhart in Devils zone.
2:42 of 3rd period - Shot by Sam Reinhart.
2:42 of 3rd period - Stopped by Jake Allen without a rebound.
2:43 of 3rd period - Trevor Zegras wins face-off versus Alexander Wennberg in Bruins zone.
3:28 of 3rd period - Shot by Tom Wilson.
3:28 of 3rd period - Stopped by Andrei Vasilevskiy without a rebound.
3:29 of 3rd period - Evgeni Malkin wins face-off versus Charlie Coyle in Devils zone.
3:46 of 3rd period - Shot by Bryan Rust.
3:46 of 3rd period - Shot Misses the Net.
3:48 of 3rd period - Shot by Charlie Coyle.
3:48 of 3rd period - Shot Misses the Net.
3:50 of 3rd period - Shot by Mark Giordano.
3:50 of 3rd period - Shot Blocked by Dougie Hamilton.
3:52 of 3rd period - Shot by Andrew Mangiapane.
3:52 of 3rd period - Stopped by Andrei Vasilevskiy without a rebound.
3:53 of 3rd period - Yegor Sharangovich wins face-off versus Sam Reinhart in Devils zone.
4:11 of 3rd period - Icing by Chris Kreider.
4:12 of 3rd period - Sam Reinhart wins face-off versus Charlie Coyle in Devils zone.
4:46 of 3rd period - Icing by Sam Reinhart.
4:47 of 3rd period - Chris Kreider wins face-off versus Trevor Zegras in Devils zone.
4:58 of 3rd period - Shot by Chris Kreider.
4:58 of 3rd period - Stopped by Jake Allen without a rebound.
4:59 of 3rd period - Yegor Sharangovich wins face-off versus Alexander Wennberg in Bruins zone.
4:59 of 3rd period - Yegor Sharangovich is hit by Nino Niederreiter.
5:08 of 3rd period - Yegor Sharangovich is hit by Mikhail Sergachev and loses puck.
6:15 of 3rd period - Shot by Evgeni Malkin.
6:15 of 3rd period - Shot Misses the Net.
6:41 of 3rd period - Shot by Tom Wilson.
6:41 of 3rd period - Shot Blocked by Damon Severson.
6:53 of 3rd period - Shot by Bryan Rust.
6:53 of 3rd period - Stopped by Andrei Vasilevskiy without a rebound.
6:54 of 3rd period - Trevor Lewis wins face-off versus Charlie Coyle in Devils zone.
7:27 of 3rd period - Bryan Rust is hit by Michael McCarron and loses puck.
8:27 of 3rd period - Shot by Conor Sheary.
8:27 of 3rd period - Deflect By Alexander Wennberg.
8:27 of 3rd period - Shot Misses the Net.
8:29 of 3rd period - Shot by Conor Sheary.
8:29 of 3rd period - Stopped by Jake Allen with a rebound.
8:39 of 3rd period - Travis Konecny is hit by Andrew Mangiapane and loses puck.
9:05 of 3rd period - Trevor Zegras is hit by Ryan Graves and loses puck.
10:01 of 3rd period - Minor Penalty to Ryan Graves for Holding.
10:02 of 3rd period - Trevor Lewis wins face-off versus Nicolas Roy in Devils zone.
11:09 of 3rd period - Shot by Trevor Zegras.
11:09 of 3rd period - Stopped by Andrei Vasilevskiy without a rebound.
11:10 of 3rd period - Trevor Zegras wins face-off versus Trevor Lewis in Devils zone.
11:11 of 3rd period - Shot by Bryan Rust.
11:11 of 3rd period - Stopped by Andrei Vasilevskiy without a rebound.
11:12 of 3rd period - Bryan Rust wins face-off versus Trevor Lewis in Devils zone.
11:27 of 3rd period - Icing by Mark Giordano.
11:28 of 3rd period - Trevor Zegras wins face-off versus Trevor Lewis in Bruins zone.
11:30 of 3rd period - Icing by Bryan Rust.
11:31 of 3rd period - Trevor Lewis wins face-off versus Trevor Zegras in Bruins zone.
11:58 of 3rd period - Shot by T.J. Brodie.
11:58 of 3rd period - Shot Blocked by Brian Dumoulin.
12:26 of 3rd period - Shot by Dylan Cozens.
12:26 of 3rd period - Stopped by Jake Allen without a rebound.
12:27 of 3rd period - Alexander Wennberg wins face-off versus Yegor Sharangovich in Bruins zone.
12:42 of 3rd period - Shot by Yegor Sharangovich.
12:42 of 3rd period - Stopped by Andrei Vasilevskiy without a rebound.
12:43 of 3rd period - Nicolas Roy wins face-off versus Evgeni Malkin in Devils zone.
12:46 of 3rd period - Shot by Nick Paul.
12:46 of 3rd period - Stopped by Andrei Vasilevskiy without a rebound.
12:47 of 3rd period - Charlie Coyle wins face-off versus Evgeni Malkin in Devils zone.
13:33 of 3rd period - Shot by Evgeni Malkin.
13:33 of 3rd period - Stopped by Jake Allen without a rebound.
13:34 of 3rd period - Alexander Wennberg wins face-off versus Trevor Zegras in Bruins zone.
13:45 of 3rd period - Shot by Conor Sheary.
13:45 of 3rd period - Shot Blocked by T.J. Brodie.
14:11 of 3rd period - Shot by Trevor Zegras.
14:11 of 3rd period - Stopped by Andrei Vasilevskiy without a rebound.
14:12 of 3rd period - Travis Konecny wins face-off versus Yegor Sharangovich in Devils zone.
14:48 of 3rd period - Shot by Yegor Sharangovich.
14:48 of 3rd period - Shot Misses the Net.
15:03 of 3rd period - Icing by Ryan Graves.
15:04 of 3rd period - Sam Reinhart wins face-off versus Trevor Zegras in Devils zone.
15:21 of 3rd period - Shot by Trevor Zegras.
15:21 of 3rd period - Goal by Trevor Zegras - Bruins : 3 - Devils : 4.
15:22 of 3rd period - Alexander Wennberg wins face-off versus Charlie Coyle in neutral zone.
15:47 of 3rd period - Cam Fowler is hit by Nino Niederreiter and loses puck.
15:54 of 3rd period - Shot by Alexander Wennberg.
15:54 of 3rd period - Shot Hit the Post.
16:25 of 3rd period - Off-side.
16:26 of 3rd period - Mathieu Joseph wins face-off versus Trevor Zegras in neutral zone.
16:49 of 3rd period - Shot by Tom Wilson.
16:49 of 3rd period - Stopped by Andrei Vasilevskiy without a rebound.
16:50 of 3rd period - Evgeni Malkin wins face-off versus Yegor Sharangovich in Devils zone.
16:50 of 3rd period - Evgeni Malkin is hit by Yegor Sharangovich.
17:13 of 3rd period - Shot by Evgeni Malkin.
17:13 of 3rd period - Shot Blocked by Jamie Oleksiak.
17:15 of 3rd period - Shot by Evgeni Malkin.
17:15 of 3rd period - Shot Misses the Net.
17:31 of 3rd period - Dylan Cozens is hit by Alex Iafallo and loses puck.
17:48 of 3rd period - Nino Niederreiter is hit by Zach Parise and loses puck.
18:03 of 3rd period - Shot by Nino Niederreiter.
18:03 of 3rd period - Stopped by Jake Allen without a rebound.
18:04 of 3rd period - Charlie Coyle wins face-off versus Trevor Lewis in Bruins zone.
18:04 of 3rd period - Charlie Coyle is hit by Michael McCarron.
18:10 of 3rd period - Mathieu Joseph is hit by Charlie Coyle and loses puck.
18:41 of 3rd period - Shot by Michael McCarron.
18:41 of 3rd period - Stopped by Jake Allen without a rebound.
18:42 of 3rd period - Alexander Wennberg wins face-off versus Trevor Zegras in Bruins zone.
19:28 of 3rd period - Mikhail Sergachev is hit by Tom Wilson and loses puck.
19:43 of 3rd period - Icing by Brandon Saad.
19:44 of 3rd period - Sam Reinhart wins face-off versus Trevor Zegras in Bruins zone.
19:49 of 3rd period - Shot by Chris Kreider.
19:49 of 3rd period - Stopped by Jake Allen without a rebound.
19:50 of 3rd period - Alexander Wennberg wins face-off versus Alex Iafallo in Bruins zone.
Goals for this period are 1 for Bruins vs 0 for Devils.
Shots for this period are 12 for Bruins vs 8 for Devils.